 Dungeon Crawl Stone Soup version 0.30-a0-347-gf58ed5266c (webtiles) character file.

Game seed: 15200127866288241195

681 mopl the Conjurer (level 7, 0/50 HPs)
             Began as a Yellow Draconian Fire Elementalist on Nov 6, 2022.
             Slain by a centaur zombie (1 damage)
             ... in an ossuary.
             The game lasted 00:07:10 (2955 turns).

mopl the Conjurer (DrFE)                            Turns: 2955, Time: 00:07:11

Health: 0/50       AC:  7    Str: 16    XL:     7   Next: 34%
Magic:  10/14      EV: 12    Int: 18    God:
Gold:   214        SH:  0    Dex: 11    Spells: 12/15 levels left

rFire   . . .      SeeInvis .    b - +0 dagger (venom)
rCold   . . .      Faith    .    (no shield)
rNeg    . . .      Spirit   .    (body armour unavailable)
rPois   .          Reflect  .    (helmet restricted)
rElec   .          Harm     .    (no cloak)
rCorr   +          Rampage  .    (no gloves)
Will    .....                    c - +0 pair of boots
Stlth   ++........               (no amulet)
HPRegen 0.28/turn                f - +6 ring of strength
MPRegen 0.14/turn                (no ring)

@: no status effects
A: spit acid, AC +6, unfitting armour, cold-blooded, acid resistance
a: Breathe Acid


You were in an ossuary.
You visited 1 branch of the dungeon, and saw 5 of its levels.
You also visited: Ossuary.

You collected 214 gold pieces.

Inventory:

Hand Weapons
 a - a +1 dagger of electrocution
 b - a +0 dagger of venom (weapon)
Missiles
 d - 11 poisoned darts
 k - 7 boomerangs
Armour
 c - a +0 pair of boots (worn)
 g - an orb of energy
Jewellery
 f - a +6 ring of strength (left hand)
Scrolls
 e - 4 scrolls of identify {unknown}
 j - a scroll of torment {unknown}
 l - a scroll of amnesia {unknown}
 m - a scroll of teleportation {unknown}
 p - a scroll of enchant armour {unknown}
 r - 2 scrolls of immolation {unknown}
 s - a scroll of brand weapon {unknown}
Potions
 h - a potion of attraction {unknown}
 i - a potion of mutation {unknown}
 n - a potion of curing {unknown}
 q - a potion of haste {unknown}
 t - a potion of heal wounds {unknown}


   Skills:
 - Level 1.7 Dodging
 - Level 1.7 Stealth
 + Level 4.7 Spellcasting
 + Level 4.8 Conjurations
 + Level 3.0 Fire Magic
 + Level 4.0 Evocations


You had 12 spell levels left.
You knew the following spells:

 Your Spells              Type           Power      Damage    Failure   Level
a - Foxfire               Conj/Fire      72%        2x1d7     2%          1
b - Scorch                Fire           30%        2d6       6%          2

Your spell library contained the following spells:

 Spells                   Type           Power      Damage    Failure   Level
 Inner Flame              Hex/Fire       9%         N/A       22%         3
 Kindle Blastsparks       Fire/Tloc/Air  14%        2d11      26%         3
 Flame Wave               Conj/Fire      18%        2d7       26%         4


Dungeon Overview and Level Annotations

Branches:
Dungeon (5/15)            Ossuary (1/1)
 Temple: D:4-7

Altars:
Kikubaaqudgha

Shops:
D:3 :


Innate Abilities, Weirdness & Mutations

You can spit globs of acid.
Your golden yellow scales are hard. (AC +6)
You cannot fit into any form of body armour.
You are cold-blooded and may be slowed by cold attacks.
You are resistant to acid. (rCorr)


Message History

Unknown command.
You hit the mummy.
Your tail-slap misses the mummy.
The mummy is severely damaged.
The centaur zombie hits you but does no damage.
The centaur zombie kicks you. The centaur zombie misses you.
The centaur zombie kicks you. The mummy hits you!
* * * LOW HITPOINT WARNING * * *
The centaur zombie hits you but does no damage.
The centaur zombie barely misses you. The centaur zombie misses you.
The centaur zombie kicks you but does no damage.
Magic courses through your body.
The centaur zombie completely misses you.
The centaur zombie barely misses you.
The centaur zombie hits you but does no damage.
The centaur zombie kicks you but does no damage.
The mummy hits you!
* * * LOW HITPOINT WARNING * * *
Casting: Scorch (safe; 6% risk of failure)
Confirm with . or Enter, or press ? or * to list all spells.
You don't know that spell.
Casting: Scorch (safe; 6% risk of failure)
Confirm with . or Enter, or press ? or * to list all spells.
Flames lash the mummy.
The mummy is burned terribly!
The mummy is almost destroyed.
The mummy's fire resistance burns away.
The centaur zombie hits you but does no damage.
The centaur zombie misses you. The centaur zombie barely misses you.
The centaur zombie kicks you but does no damage.
Casting: Scorch (safe; 6% risk of failure)
Confirm with . or Enter, or press ? or * to list all spells.
Flames lash the hobgoblin zombie.
The hobgoblin zombie is almost destroyed.
The hobgoblin zombie's fire resistance burns away.
You have got your breath back.
The centaur zombie hits you.
* * * LOW HITPOINT WARNING * * *
The centaur zombie closely misses you. The centaur zombie barely misses you.
The centaur zombie kicks you but does no damage.
The mummy misses you. The centaur zombie hits you.
You die...

#
#.###########
............##
..^..........#
.....ZZ@M....#
......Z......#
.^..........##
#.###########
#


You could see a mummy (combustible), a hobgoblin zombie (combustible) and 2
centaur zombies.

Vanquished Creatures
  Sigmund (D:2)
  4 scorpions (D:4)
  A hound (D:4)
  Ijyb (D:3)
  2 orc wizards (D:3)
  2 mummies (Ossuary)
  7 adders
  2 dart slugs
  4 orcs (D:3)
  7 endoplasms
  4 giant cockroaches
  7 goblins
  6 hobgoblins
  2 jackals (D:3)
  10 kobolds
  6 quokkas
  7 ball pythons
  5 bats
  7 frilled lizards
  5 rats
90 creatures vanquished.

Vanquished Creatures (others)
  17 foxfires (D:1)
  2 fungi (D:4)
  2 plants (D:4)
21 creatures vanquished.

Grand Total: 111 creatures vanquished

Notes
Turn   | Place    | Note
-------+----------+-------------------------------------------
     0 | D:1      | mopl the Draconian Fire Elementalist began the quest for
                  | the Orb.
     0 | D:1      | Reached XP level 1. HP: 14/14 MP: 3/3
   172 | D:1      | Reached XP level 2. HP: 18/20 MP: 3/5
   315 | D:1      | Learned a level 2 spell: Scorch
   460 | D:1      | Reached skill level 2 in Conjurations
   716 | D:2      | Reached XP level 3. HP: 14/26 MP: 1/7
   924 | D:2      | Reached skill level 1 in Evocations
   956 | D:2      | Reached skill level 3 in Spellcasting
  1008 | D:2      | Noticed Sigmund
  1042 | D:2      | Killed Sigmund
  1043 | D:2      | Reached skill level 3 in Conjurations
  1043 | D:2      | Reached skill level 2 in Evocations
  1043 | D:2      | Reached XP level 4. HP: 23/33 MP: 3/9
  1043 | D:2      | Reached XP level 5. HP: 27/38 MP: 3/10
  1275 | D:3      | Found an ancient bone altar of Kikubaaqudgha.
  1331 | D:3      | Found Xiakaeca's Vocational Training.
  1364 | D:3      | Noticed Ijyb
  1372 | D:3      | Killed Ijyb
  1415 | D:3      | Reached XP level 6. HP: 20/45 MP: 6/11
  1801 | D:3      | Reached skill level 4 in Spellcasting
  1801 | D:3      | Reached skill level 3 in Evocations
  2272 | D:4      | Reached skill level 4 in Conjurations
  2336 | D:4      | Found Ginadu Isky's Weapon Boutique.
  2658 | D:4      | Your scales start taking on a golden yellow colour.
  2658 | D:4      | Reached XP level 7. HP: 46/50 MP: 0/13
  2658 | D:4      | Gained mutation: You are resistant to acid. (rCorr) [Yellow
                  | Draconian growth]
  2714 | D:4      | Reached skill level 4 in Evocations
  2933 | D:5      | Entered Level 5 of the Dungeon
  2933 | D:5      | Found a sand-covered staircase.
  2938 | Ossuary  | Entered an ossuary
  2955 | Ossuary  | HP: 1/50 [centaur zombie (4)]
  2955 | Ossuary  | Slain by a centaur zombie

Illustrated notes

Levels and vault maps discovered:
D:1:      elethiomel_arrival_quiet, layout_rooms, minmay_misc_feat_secret_circle
D:2:      layout_rooms, uniq_sigmund
D:3:      layout_basic, mainiacjoe_overflow_surrounded_room,
          nicolae_shop_vocational, uniq_ijyb
D:4:      old_forge, layout_basic, serial_shops, nicolae_shop_behind_doors
D:5:      layout_cave_pools, enter_ossuary_3, lightli_sewer_entry_pipes,
          uniq_eustachio, uniq_crazy_yiuf_cottage, uniq_blork_the_orc
Ossuary:  ossuary_the_hunt_dpeg

Skill      XL: |  1  2  3  4  5  6  7 |
---------------+----------------------+-----
Conjurations   | 2 3 4 |  4.8
Evocations     | 2 3 4 |  4.0
Spellcasting   | 3 4 |  4.7
Dodging        | |  1.7
Stealth        | |  1.7
Fire Magic     | |  3.0

Action                   |  1- 3 |  4- 6 |  7- 9 || total
-------------------------+-------+-------+-------++-------
Melee: Unarmed           |    13 |    15 |       ||    28
       Dagger            |    89 |    44 |    10 ||   143
       Tailslap          |     7 |     1 |     1 ||     9
       Punch             |     1 |     2 |       ||     3
Throw: Dart              |     5 |     2 |       ||     7
 Cast: Foxfire           |    10 |       |       ||    10
       Scorch            |    15 |    44 |    13 ||    72
 Abil: Breathe Acid      |       |       |     3 ||     3
  Use: Potion            |       |       |     1 ||     1
 Stab: Sleeping          |       |     1 |     1 ||     2
Armor: Skin              |    42 |    23 |    28 ||    93
Dodge: Dodged            |    70 |    47 |    33 ||   150

Table legend: (Time is in decaauts)
 A = Elapsed time spent in this place.
 B = Non-inter-level travel time spent in this place.
 C = Inter-level travel time spent in this place.
 D = Time resting spent in this place.
 E = Time spent auto-exploring this place.
 F = Levels seen in this place.
 G = Mean time per level.
                   A        B        C        D        E       F      G
               +--------+--------+--------+--------+--------+-----+--------+
         Total |   2945 |   2818 |    127 |    341 |   1742 |   6 |  490.8 |
       Dungeon |   2928 |   2801 |    127 |    341 |   1742 |   5 |  585.6 |
       Ossuary |     16 |     16 |      0 |      0 |      0 |   1 |   16.0 |
               +--------+--------+--------+--------+--------+-----+--------+

Top non-repeatable levels by time:
     D:4: 909 daAuts
     D:3: 804 daAuts
     D:1: 646 daAuts
     D:2: 563 daAuts
 Ossuary: 16 daAuts
     D:5: 4 daAuts
